 Dungeon Crawl Stone Soup version 0.29.1-1-gd02db6906a (webtiles) character file.

Game seed: 7785450499387140226

22 tardwrangler69 the Trooper (level 2, -1/20 HPs)
             Began as a Gargoyle Chaos Knight on Sept 28, 2022.
             Was a Plaything of Xom.
             Slain by a cane toad (shapeshifter) (13 damage)
             ... on level 2 of the Dungeon.
             The game lasted 00:01:08 (1020 turns).

tardwrangler69 the Trooper (Gargoyle Chaos Knight)  Turns: 1020, Time: 00:01:09

Health: -1/20      AC:  9    Str: 15    XL:     2   Next: 91%
Magic:  2/2        EV: 10    Int: 12    God:    Xom [*.....]
Gold:   85         SH:  0    Dex:  9    Spells: 1/1 levels left

rFire   . . .      SeeInvis .   a - +0 hand axe (chaos)
rCold   . . .      Faith    .   (no shield)
rNeg    + . .      Spirit   .   h - +0 ring mail
rPois   ∞          Reflect  .   (no helmet)
rElec   +          Harm     .   (no cloak)
rCorr   .          Rampage  .   (no gloves)
Will    .....                   j - +0 pair of boots
Stlth   ..........              (no amulet)
HPRegen 0.06/turn               (no ring)
MPRegen 0.08/turn               (no ring)

@: confused
A: sickness immunity, AC +2, negative energy resistance 1, electricity
resistance, torment resistance 1, petrification resistance
a: Renounce Religion


You were on level 2 of the Dungeon.
You worshipped Xom.
You were a special plaything of Xom.
You visited 1 branch of the dungeon, and saw 2 of its levels.

You collected 85 gold pieces.

Inventory:

Hand Weapons
 a - a +0 hand axe of chaos (weapon)
Armour
 h - a +0 ring mail (worn)
 j - a +0 pair of boots (worn)
Scrolls
 d - a scroll of butterflies {unknown}
 e - a scroll of enchant weapon {unknown}
 f - a scroll of blinking {unknown}
 g - a scroll of magic mapping {unknown}
Potions
 b - a potion of cancellation {unknown}
 i - a potion of heal wounds {unknown}
Miscellaneous
 c - a piece from Xom's chessboard (15/15) (quivered)


   Skills:
 + Level 3.6 Fighting
 * Level 3.4 Axes
 - Level 2.1 Armour
 - Level 0.7 Dodging


You had one spell level left.
You didn't know any spells.
Your spell library was empty.

Dungeon Overview and Level Annotations

Branches:
Dungeon (2/15)

Altars:

Shops:
D:1 !


Innate Abilities, Weirdness & Mutations

You are immune to sickness and miasma.
Your stone body is resilient. (AC +2)
You are immune to poison.
You resist negative energy. (rN+)
You are resistant to electric shocks. (rElec)
You are resistant to unholy torment.
You are immune to petrification.


Message History

You continue putting on your +0 pair of boots. x4
You finish putting on your +0 pair of boots.
Search for what [Enter for "."]? .
Unknown command.
(D) Dungeon
Where to? (Enter - D:1 @ (x,y), ? - help)
There is a stone staircase leading down here.
You climb downwards.
Your mindless puppet stays behind to rot.
Found 17 gold pieces.
There is a stone staircase leading up here.
A kobold comes into view. It is wielding a +0 dagger.
Found 12 gold pieces.
A kobold is nearby!
A kobold is nearby!
The kobold hits you but does no damage.
You hit the kobold.
The kobold changes into a shapeshifter!
Xom is highly amused!
The shapeshifter is lightly wounded.
The shapeshifter changes into a blink frog!
You completely miss the blink frog.
The blink frog is lightly wounded.
The blink frog hits you!
You barely miss the blink frog.
The blink frog is lightly wounded.
The blink frog barely misses you. The blink frog closely misses you.
You hit the blink frog.
The blink frog seems to grow stronger.
The blink frog barely misses you.
The blink frog blinks!
You are now a special plaything of Xom.
The blink frog changes into a cane toad!
There is a stone staircase leading up here.
Xom titters.
You are confused.
In your confused state, you trip and fall back down the stairs.
A cane toad is nearby!
A cane toad is nearby!
The cane toad stings you!
Ouch! That really hurt!
You die...
Xom chuckles heartily!

##### #.@.# .#
#.F.######.#..
###.............
.$...............
####......)......
#.............
###...$.......
......###.##.
#.#...## .#


You could see a cane toad shaped shifter.

Vanquished Creatures
  A dart slug (D:1)
  An endoplasm (D:1)
  2 giant cockroaches (D:1)
  A goblin (D:1)
  2 hobgoblins (D:1)
  3 kobolds (D:1)
  4 quokkas (D:1)
  2 rats (D:1)
  A spectral kobold (D:1)
17 creatures vanquished.

Notes
Turn   | Place    | Note
-------+----------+-------------------------------------------
     0 | D:1      | tardwrangler69 the Gargoyle Chaos Knight began the quest
                  | for the Orb.
     0 | D:1      | Reached XP level 1. HP: 14/14 MP: 1/1
    90 | D:1      | XOM: silly message
   112 | D:1      | Found Meuklox's Distillery.
   143 | D:1      | Found a faded altar of an unknown god.
   184 | D:1      | Reached XP level 2. HP: 18/19 MP: 2/2
  1010 | D:2      | Noticed a shapeshifter
  1010 | D:2      | a kobold changed into a shapeshifter
  1010 | D:2      | Noticed a blink frog
  1010 | D:2      | a shapeshifter changed into a blink frog
  1015 | D:2      | Noticed a cane toad
  1015 | D:2      | a blink frog changed into a cane toad
  1018 | D:2      | XOM: confusion
  1020 | D:2      | Slain by a cane toad (shapeshifter)

Illustrated notes

Levels and vault maps discovered:
D:1:      minmay_arrival_jagged, layout_loops_ring,
          dreamdust_ecumenical_altar_drowned_temple, serial_shops, shop
D:2:      layout_rooms, basic_altar, nicolae_underground_beach

Skill      XL: |  1 |
---------------+----+-----
Axes           | 3 |  3.4
Fighting       | |  3.6
Armour         | |  2.1
Dodging        | |  0.7

Action                   || total
-------------------------++-------
Melee: Hand axe          ||    72
       Punch             ||     1
 Stab: Paralysed         ||     1
Armor: Leather armour    ||    22
       Ring mail         ||     9
Dodge: Dodged            ||    38
